 Dungeon Crawl Stone Soup version 0.19.1 (webtiles) character file.

30 sveltemanboy the Chiller (level 3, 0/24 HPs)
             Began as a Merfolk Ice Elementalist on Dec 4, 2016.
             Succumbed to an adder's poison
             ... on level 2 of the Dungeon.
             The game lasted 00:03:07 (1283 turns).

sveltemanboy the Chiller (Merfolk Ice Elementalist) Turns: 1283, Time: 00:03:07

Health: 0/24       AC:  3    Str:  8    XL:     3   Next: 20%
Magic:  1/6        EV: 18    Int: 17    God:
Gold:   36         SH:  0    Dex: 19    Spells: 2 memorised, 3 levels left

rFire  + . .     SeeInvis .     j - +0 spear
rCold  + . .     Gourm    .     f - +0 leather armour
rNeg   . . .     Faith    .     (no shield)
rPois  +         Spirit   .     (helmet restricted)
rElec  +         Reflect  .     (no cloak)
rCorr  +         Harm     .     (no gloves)
MR     .....     Rnd*Tele +     (no boots)
Stlth  +++.......               (no amulet)
                                (no ring)
                                (no ring)

@: agile, lethally poisoned (0 -> -1), resistant, very slightly contaminated
A: change form in water, swift swim, stealthy swim, horns 1, clever 1,
teleportitis 1
a: no special abilities


You were on level 2 of the Dungeon.
You were hungry.

You visited 1 branch of the dungeon, and saw 2 of its levels.

You collected 36 gold pieces.

Inventory:

Hand Weapons
 j - a +0 spear (weapon)
Missiles
 i - 7 stones (quivered)
Armour
 f - a +0 leather armour (worn)
Scrolls
 d - a scroll of recharging {unknown}
 g - a scroll of amnesia {unknown}
 h - a scroll of identify {unknown}
 k - a scroll of blinking {unknown}
Books
 b - a book of Frost

   Spells                             Type                      Level
   a - Freeze                         Ice                          1
   b - Throw Frost                    Conjuration/Ice              2
   c - Ozocubu's Armour               Charms/Ice                   3
   d - Throw Icicle                   Conjuration/Ice              4
   e - Summon Ice Beast               Ice/Summoning                4
Comestibles
 c - 2 bread rations


   Skills:
 * Level 2.3 Polearms
 + Level 0.3 Armour
 - Level 2.6 Dodging
 - Level 2.1 Stealth
 - Level 2.0 Spellcasting
 - Level 0.7 Conjurations
 + Level 4.0 Ice Magic


You had 3 spell levels left.
You knew the following spells:

 Your Spells              Type           Power        Failure   Level  Hunger
a - Freeze                Ice            ###.         6%          1    #......
b - Throw Frost           Conj/Ice       #.....       17%         2    ###....


Dungeon Overview and Level Annotations

Branches:
Dungeon (2/15)

Altars:
Uskayaw


Innate Abilities, Weirdness & Mutations

You revert to your normal form in water.
You are very nimble and swift while swimming.
You are very stealthy in the water. (Stealth+)
You have a pair of small horns on your head.
Your mind is acute. (Int +2)
You are occasionally teleported next to monsters.


Message History

You kill the adder!
Your Polearms skill increases to level 2!
You have reached level 3!
Your experience leads to an increase in your attributes!
Your base attributes are Str 8, Int 14, Dex 14.
Increase (S)trength, (I)ntelligence, or (D)exterity?
You feel clever.
You hit the rat.
You kill the rat!
There is a lethal amount of poison in your body!
You see here a rat corpse.
* * * LOW HITPOINT WARNING * * *
You feel sick.
* * * LOW HITPOINT WARNING * * *
You feel sick.
You see here a fuming grey potion.
a - a fuming grey potion It was a potion of agility.
You feel agile all of a sudden.
You die...

. #. ##.#######
.........#####
.............#
#.8....?..8..###
...............#
#.8....@..8..#.##
#....%)..........
#.8.$._...8.##.# .#
#....###....##.##.#
##.(........†.....#
#.....##.#.##..#.#
.....>. #.#.##<.#.#
##.... #.#.......#
#... #.#..##.#.#


There were no monsters in sight!

Vanquished Creatures
  An adder (D:2)
  A leopard gecko (D:1)
  2 bats (D:1)
  A giant cockroach (D:1)
  A goblin (D:1)
  6 hobgoblins (D:1)
  2 kobolds (D:1)
  5 rats
19 creatures vanquished.

Notes
Turn   | Place    | Note
-------+----------+-------------------------------------------
     0 | D:1      | sveltemanboy the Merfolk Ice Elementalist began the quest for the Orb.
     0 | D:1      | Reached XP level 1. HP: 13/13 MP: 3/3
   347 | D:1      | Reached XP level 2. HP: 12/19 MP: 1/5
   517 | D:1      | Reached skill level 1 in Polearms
  1054 | D:1      | Reached skill level 4 in Ice Magic
  1068 | D:1      | Learned a level 2 spell: Throw Frost
  1243 | D:2      | Found a hide-covered altar of Uskayaw.
  1267 | D:2      | Gained mutation: You are occasionally teleported next to monsters. [potion of mutation]
  1267 | D:2      | Gained mutation: You have a pair of small horns on your head. [potion of mutation]
  1267 | D:2      | Gained mutation: Your mind is acute. (Int +2) [potion of mutation]
  1273 | D:2      | Reached XP level 3. HP: 3/24 MP: 0/6
  1279 | D:2      | HP: 1/24 [poisoned by an adder]
  1283 | D:2      | Succumbed to an adder's poison

Skill      XL: |  1  2 |
---------------+-------+-----
Polearms       | 2 |  2.3
Ice Magic      | 4 |  4.0
Armour         | |  0.3
Dodging        | |  2.6
Stealth        | |  2.1
Spellcasting   | |  2.0
Conjurations   | |  0.7

Action                   || total
-------------------------++-------
Melee: Unarmed           ||     1
       Spear             ||    30
Throw: Stone             ||    28
 Cast: Freeze            ||    17
       Throw Frost       ||     1
  Use: Potion            ||     3
 Stab: Sleeping          ||     2
  Eat: Chunk             ||     1
Armor: Leather armour    ||     6
Dodge: Dodged            ||    20
